 Dungeon Crawl Stone Soup version 0.14-a0-1330-g3eed206 (webtiles) character file.

28754 4tharraofdagon the Cleaver (level 13, -8/127 HPs)
             Began as a Centaur Wanderer on Dec 6, 2013.
             Was the Champion of Makhleb.
             Mangled by a spiny frog (16 damage)
             ... on Level 8 of the Lair of Beasts.
             The game lasted 01:14:12 (9412 turns).

4tharraofdagon the Cleaver (Centaur Wanderer)       Turns: 9412, Time: 01:14:12

HP  -8/127       AC 25     Str 18      XL: 13   Next:  8%
MP  30/30        EV  7     Int 12      God: Makhleb [******]
Gold 547         SH  0     Dex 10      Spells:  2 memorised, 15 levels left

rFire  . . .     SeeInvis .     K - +1,+2 orc battleaxe
rCold  + . .     Clarity  .     V - +1 troll leather armour
rNeg   . . .     Conserve +     (no shield)
rPois  +         rCorr    .     N - +2 cap {rC+}
rElec  .         rRot     .     y - +1 cloak {rPois}
SustAb . .       Spirit   .     P - +2 pair of dwarf gloves
rMut   .         Warding  .     f - +2 centaur barding {Stlth+}
Saprov . . .     Stasis   .     r - cursed amulet of conservation
                                W - ring of magical power
                                t - ring of sustenance

@: non-regenerating, studying 3 skills, badly diseased, very quick, somewhat
resistant to hostile enchantments, fairly stealthy
A: hooves 3, rugged brown scales 1, yellow scales 1, deformed body, herbivore 1,
speed 2, fast metabolism 1, robust 1, tough skin 3
a: Minor Destruction, Lesser Servant of Makhleb, Major Destruction, Greater
Servant of Makhleb, Renounce Religion


You were on level 8 of the Lair of Beasts.
You worshipped Makhleb.
Makhleb was exalted by your worship.
You were hungry.

You visited 3 branches of the dungeon, and saw 23 of its levels.
You also visited: Labyrinth, Ossuary and Ice Cave.

You collected 652 gold pieces.
You spent 105 gold pieces at shops.

Inventory:

Hand weapons
 j - a +1 blowgun
 s - a +1,+0 great mace of protection
 z - a +3,+3 dwarven war axe
 K - a +1,+2 orcish battleaxe (weapon)
Missiles
 I - 5 curare-tipped needles
Armour
 f - a +2 centaur barding of stealth (worn)
 p - a +0 buckler of protection
 y - a +1 cloak of poison resistance (worn)
 N - a +2 cap of cold resistance (worn)
 P - a +2 pair of dwarven gloves (worn)
 S - a +0 cloak
 V - a +1 troll leather armour (worn)
 X - a +4 orcish chain mail
Magical devices
 b - a wand of teleportation (5)
 l - a wand of cold (3)
 x - a wand of draining (6)
 J - a wand of polymorph (6)
 O - a wand of fire (0)
Comestibles
 c - 11 bananas
 d - 5 bread rations
Scrolls
 e - 2 scrolls of recharging
 i - 3 scrolls of identify
 k - 5 scrolls of blinking
 m - 5 scrolls of remove curse
 n - 2 scrolls of teleportation
 w - 2 scrolls of immolation
Jewellery
 r - a cursed amulet of conservation (around neck)
 t - a ring of sustenance (left hand)
 W - a ring of magical power (right hand)
Potions
 o - a potion of speed
 q - a potion of agility
 u - a potion of might
 v - 3 potions of flight
 B - 3 potions of restore abilities
 H - a potion of brilliance
 Q - a potion of mutation
 R - 2 potions of cure mutation
 T - a potion of magic
 U - 3 potions of heal wounds
 Y - 3 potions of curing
 Z - a potion of invisibility
Books
 a - a manual of Air Magic
 g - a book of Minor Magic

   Spells                             Type                      Level
   Magic Dart                         Conjuration                  1
   *Blink                             Translocation                2
   Call Imp                           Summoning                    2
   *Repel Missiles                    Charms/Air                   2
   Slow                               Hexes                        2
   Conjure Flame                      Conjuration/Fire             3
   Mephitic Cloud                     Conjuration/Poison/Air       3
 A - a manual of Ice Magic
 C - a manual of Stealth
 D - a manual of Ice Magic
 F - a book of the Warp

   Spells                             Type                      Level
   Recall                             Summoning/Translocation      3
   Control Teleport                   Charms/Translocation         4
   Phase Shift                        Translocation                5
   Warp Weapon                        Charms/Translocation         5
   Dispersal                          Translocation                6
   Controlled Blink                   Translocation                7
   Disjunction                        Translocation                8
Magical staves
 M - an uncursed staff of cold
Miscellaneous
 h - a stone of tremors


   Skills:
 + Level 10.0 Fighting
 * Level 11.7 Axes
 - Level 7.6 Maces & Flails
 + Level 7.3 Armour
   Level 1.3 Shields
 + Level 3.5 Spellcasting
   Level 1.0 Summonings
 * Level 5.9 Translocations
 - Level 1.0 Air Magic
 - Level 5.2 Invocations
 - Level 5.7 Evocations


You had 15 spell levels left.
You knew the following spells:

 Your Spells              Type           Power        Failure   Level  Hunger
a - Blink                 Tloc           N/A          3%          2    ##.....
b - Repel Missiles        Chrm/Air       #.........   34%         2    ##.....


Dungeon Overview and Level Annotations

Branches:
Dungeon (14/16)            Temple (1/1) D:6             Orc (0/4) D:12
   Lair (8/8) D:9          Shoals (0/5) Lair:3        Snake (0/5) Lair:3
 Spider (0/5) Lair:3        Slime (0/6) Lair:6
 Vaults: D:14-15

Altars:
Ashenzari
Cheibriados
Elyvilon
Kikubaaqudgha
Makhleb
Okawaru
Sif Muna
Trog
Xom
Zin
Jiyva

Shops:
D:7 (   D:8 }   D:14 /

Annotations:
D:10 Erica


Innate Abilities, Weirdness & Mutations

You have hooves in place of feet.
Armour fits poorly on your strangely shaped body.
You digest meat inefficiently.
You cover ground very quickly.
You have a fast metabolism.
You have extremely tough skin (AC +3).
You are partially covered in rugged brown scales (AC +1, +3% HP).
You are partially covered in yellow scales (AC +2).
You are robust (+10% HP).


Message History

The spiny frog barely misses you. The komodo dragon bites you!
* * * LOW HITPOINT WARNING * * *
You feel ill.
The spiny frog stings you but does no damage.
Unknown command.
You barely miss the komodo dragon. You barely miss the spiny frog.
The spiny frog is heavily wounded.
The komodo dragon bites you but does no damage.
The spiny frog stings you!
* * * LOW HITPOINT WARNING * * *
Unknown command.
Unknown command.
You hit the spiny frog.
The spiny frog is severely wounded.
You slash the komodo dragon!
The komodo dragon is lightly wounded.
The komodo dragon bites you!
* * * LOW HITPOINT WARNING * * *
You feel ill. The spiny frog stings you!
You die...

.......%##.#....##*,,D....##*,,..
.......#.#.#.....#**,?.....##**,.
......##...#%...P#*,,,(.#...* *,.
...#...#...#...########...#####*.
##...########...#...##%.#.....#*#
...#.....##.....#...##.......####
#........##.......#.#........P.##
.........###....####..%.......###
....%....#*#P...@F.....#.##...##.
..........#.#....l....#.#.#,.###.
.........#####.......##...#*,#*##
.........# ##f......#...#*,,*##
f.P...#### ###.P.#######***##.
.P#..## *** #####* **** ###..
..####*******,,***,,,**#..###<#..
..# **,,,,,,,,,,*,,.............
..# *,,,,,,,,,,,,,..............


You could see a komodo dragon and a spiny frog.

Vanquished Creatures
  3 hydras
  The ghost of shugdite the Hoplite, an experienced MiFi of Okawaru (IceCv)
  A centaur warrior (D:13)
  A hill giant (D:12)
  A necromancer (IceCv)
  A griffon (Lair:8)
  Maurice (D:12)
  A guardian serpent (D:13)
  2 black mambas (Lair:8)
  2 spiny frogs
  A feature mimic (D:8)
  2 komodo dragons
  2 fire drakes (Lair:8)
  A hydra zombie (D:13)
  A polar bear (D:12)
  2 trolls
  2 blink frogs (Lair:8)
  The ghost of mathso the Cutter, an average FoHu (D:6)
  3 basilisks
  3 ugly things (D:13)
  5 hippogriffs
  A wraith (D:14)
  Grum (D:13)
  13 yaks
  4 hungry ghosts
  2 manticores
  9 wolves
  3 deep elf fighters
  A death yak simulacrum (IceCv)
  2 necrophages
  An orc warrior (D:9)
  3 porcupines (Lair:2)
  16 ice beasts
  3 phantoms
  7 freezing wraiths (IceCv)
  6 ogres
  A black bear (D:8)
  2 spriggan simulacra (IceCv)
  7 centaurs
  A boring beetle (D:13)
  8 water moccasins
  9 crocodiles
  6 giant slugs
  Blork the orc (D:9)
  13 giant frogs
  A jelly (D:7)
  4 agate snails
  A manticore skeleton (D:9)
  6 killer bees (D:13)
  A goliath beetle (D:13)
  6 crimson imps
  A hippogriff skeleton (D:6)
  A quasit (D:12)
  3 hounds
  A centaur skeleton (D:11)
  3 scorpions
  An orc priest (D:12)
  A human zombie (Ossuary)
  4 iguanas
  5 orc wizards
  5 worker ants
  3 troll simulacra (IceCv)
  2 polar bear simulacra (IceCv)
  2 big kobold zombies
  10 sheep
  2 centaur simulacra (IceCv)
  A sky beast zombie (D:8)
  A wolf simulacrum (IceCv)
  6 mummies
  32 green rats
  14 adders
  A giant mite (D:3)
  2 ogre simulacra (IceCv)
  10 white imps (IceCv)
  A worm (D:5)
  An ufetubus (D:11)
  2 iguana zombies
  An adder skeleton (D:8)
  2 giant geckos
  An ooze (D:2)
  24 orcs
  21 bats
  3 gnoll zombies (Ossuary)
  5 goblins
  5 hobgoblins
  10 jackals
  8 quokkas
  2 giant newts
  A goblin zombie (Ossuary)
  A hobgoblin skeleton (D:5)
  2 hobgoblin zombies
  7 kobolds
  A kobold zombie (D:8)
  An orc skeleton (D:7)
  An orc zombie (Ossuary)
  A quokka skeleton (D:4)
  22 rats
  A rat skeleton (D:5)
  2 fungi
413 creatures vanquished.

Vanquished Creatures (collateral kills)
  An Executioner (Lab)
  A minotaur (Lab)
  3 hydras
  A catoblepas (Lair:8)
  An ice statue (IceCv)
  A hill giant (D:13)
  2 griffons
  A guardian serpent (D:13)
  A spiny frog (Lair:8)
  A black mamba (Lair:2)
  A smoke demon (Lab)
  A feature mimic (D:12)
  A polar bear (D:12)
  A blink frog (Lair:8)
  2 ugly things (D:13)
  A neqoxec (Lab)
  An ice beast (IceCv)
  7 freezing wraiths (IceCv)
  2 orc warriors
  A komodo dragon skeleton (D:12)
  A draconian simulacrum (IceCv)
  A worker ant (D:13)
  5 troll simulacra (IceCv)
  A centaur simulacrum (IceCv)
  A mummy (D:12)
  An adder (D:12)
  2 naga simulacra (IceCv)
  2 white imps (IceCv)
  2 ogre simulacra (IceCv)
  10 orcs (D:12)
57 creatures vanquished.

Vanquished Creatures (others)
  A green death (Lair:8)
  A blizzard demon (Lair:8)
  A hellwing (Lair:5)
  A ynoxinul (IceCv)
  An orc wizard (D:6)
  A white imp (D:12)
  8 ufetubi
  An adder zombie (D:6)
15 creatures vanquished.

Grand Total: 485 creatures vanquished

Notes
Turn   | Place    | Note
--------------------------------------------------------------
     0 | D:1      | 4tharraofdagon, the Centaur Wanderer, began the quest for the Orb.
     0 | D:1      | Reached XP level 1. HP: 17/17 MP: 3/3
   118 | D:2      | Reached XP level 2. HP: 9/24 MP: 4/4
   197 | D:3      | Reached XP level 3. HP: 12/30 MP: 5/5
   303 | D:3      | You fall through a shaft!
   349 | D:5      | Entered Level 5 of the Dungeon
   402 | D:6      | Found a staircase to the Ecumenical Temple.
   403 | D:6      | Noticed a phantom
   412 | Temple   | Entered the Ecumenical Temple
   422 | Temple   | Became a worshipper of Makhleb the Destroyer
   800 | D:7      | Noticed an ogre
   802 | D:7      | Noticed a phantom
   809 | D:7      | Killed an ogre
   809 | D:7      | Reached skill level 3 in Fighting
   809 | D:7      | Reached XP level 4. HP: 8/38 MP: 5/5
   809 | D:7      | Reached XP level 5. HP: 9/45 MP: 7/7
   838 | D:7      | Found Ghet Esu's Weapon Shop.
   838 | D:7      | Noticed an ogre
   848 | D:8      | Noticed a hungry ghost
   862 | D:8      | Killed a hungry ghost
   862 | D:8      | Reached XP level 6. HP: 9/51 MP: 8/8
   931 | D:8      | Noticed a black bear
   945 | D:8      | Killed a black bear
  1024 | D:8      | Noticed a hippogriff
  1032 | D:8      | Killed a hippogriff
  1032 | D:8      | Reached skill level 4 in Fighting
  1032 | D:8      | Reached XP level 7. HP: 35/59 MP: 8/8
  1050 | D:8      | Found a sand-covered staircase.
  1065 | Ossuary  | Entered an ossuary
  1262 | Ossuary  | Acquired Makhleb's first power
  1397 | D:8      | Noticed a phantom
  1398 | D:8      | Found a deep blue altar of Sif Muna.
  1432 | D:8      | Killed a phantom
  1458 | D:8      | HP: 3/60 [staircase mimic (5)]
  1459 | D:8      | Killed a staircase mimic
  1459 | D:8      | Reached skill level 5 in Maces & Flails
  1459 | D:8      | Reached XP level 8. HP: 3/67 MP: 9/9
  1654 | D:7      | Noticed a hungry ghost
  1680 | D:7      | Killed a hungry ghost
  1680 | D:7      | Reached skill level 5 in Fighting
  1715 | D:7      | Noticed a giant frog
  1724 | D:7      | Killed a giant frog
  1779 | D:7      | Noticed an ogre
  1786 | D:7      | Killed an ogre
  1823 | D:7      | Reached skill level 6 in Maces & Flails
  1843 | D:7      | Killed an ogre
  1856 | D:7      | Killed a phantom
  1924 | D:8      | Found a shattered altar of Ashenzari.
  1972 | D:8      | Acquired Makhleb's second power
  2054 | D:6      | Noticed mathso's ghost (average FoHu)
  2054 | D:6      | Noticed a necrophage
  2067 | D:6      | Killed a necrophage
  2075 | D:6      | Killed mathso's ghost
  2075 | D:6      | Reached skill level 7 in Maces & Flails
  2075 | D:6      | Reached XP level 9. HP: 64/75 MP: 10/10
  2200 | D:6      | Noticed a centaur
  2210 | D:6      | Killed a centaur
  2457 | D:5      | Noticed an ice beast
  2533 | D:6      | Noticed a giant frog
  2537 | D:6      | Killed a giant frog
  2559 | D:6      | Acquired Makhleb's third power
  2564 | D:6      | You fall through a shaft!
  2730 | D:8      | Found Priez's Gadget Emporium.
  2786 | D:9      | Noticed Blork the orc
  2794 | D:9      | Killed Blork the orc
  2818 | D:9      | Reached skill level 5 in Armour
  2968 | D:9      | Reached skill level 5 in Axes
  3004 | D:9      | Gained mutation: You are partially covered in rugged brown scales (AC +1, +3% HP). [potion of mutation]
  3004 | D:9      | Gained mutation: You are robust (+10% HP). [potion of mutation]
  3054 | D:9      | Acquired Makhleb's fourth power
  3442 | D:10     | Entered Level 10 of the Dungeon
  3450 | D:10     | Gained mutation: You are partially covered in yellow scales (AC +2). [potion of beneficial mutation]
  3611 | D:10     | Noticed Erica
  3637 | D:11     | Reached XP level 10. HP: 44/99 MP: 11/11
  3697 | D:11     | Learned a level 2 spell: Blink
  3739 | D:11     | Reached skill level 1 in Invocations
  3739 | D:11     | Reached skill level 1 in Evocations
  3741 | D:11     | Found a frozen archway.
  3756 | D:11     | Reached skill level 8 in Axes
  3806 | IceCv    | Entered an ice cave
  3917 | IceCv    | Acquired Makhleb's fifth power
  4015 | IceCv    | Noticed shugdite's ghost (experienced MiFi)
  4034 | IceCv    | Killed shugdite's ghost
  4034 | IceCv    | Reached skill level 9 in Axes
  4126 | IceCv    | Noticed an ice statue
  4163 | IceCv    | Found an ancient bone altar of Kikubaaqudgha.
  4541 | IceCv    | Noticed a necromancer
  4566 | IceCv    | Killed a necromancer
  4566 | IceCv    | Reached XP level 11. HP: 45/107 MP: 14/16
  4663 | IceCv    | Killed an ice statue
  5031 | D:12     | Noticed Maurice
  5037 | D:12     | Killed Maurice
  5283 | D:12     | Found a staircase to the Orcish Mines.
  5319 | D:12     | Learned a level 2 spell: Repel Missiles
  5350 | D:12     | Noticed a hill giant
  5365 | D:12     | Killed a hill giant
  5455 | D:13     | Noticed a centaur warrior
  5462 | D:13     | Noticed a hill giant
  5470 | D:13     | Killed a centaur warrior
  5471 | D:13     | Reached skill level 5 in Invocations
  5477 | D:13     | Killed a hill giant
  5477 | D:13     | Reached skill level 10 in Axes
  5689 | D:12     | Reached skill level 1 in Translocations
  5922 | D:14     | Paralysed by a giant eyeball for 4 turns
  5991 | D:13     | Noticed Grum
  6008 | D:13     | Reached skill level 5 in Evocations
  6022 | D:13     | Killed Grum
  6432 | D:14     | Found Dato's Magical Wand Shop.
  6446 | D:14     | Bought a wand of random effects (13) for 105 gold pieces
  6601 | D:9      | Identified a scroll of acquirement
  6932 | D:9      | Found a staircase to the Lair.
  6937 | D:9      | Reached XP level 12. HP: 115/117 MP: 19/19
  6947 | Lair:1   | Entered Level 1 of the Lair of Beasts
  7481 | Lair:2   | Noticed a five-headed hydra
  7504 | Lair:2   | Killed a five-headed hydra
  7659 | Lair:3   | Found a staircase to the Shoals.
  7701 | Lair:3   | Found a hole to the Spider Nest.
  7720 | Lair:3   | Reached skill level 11 in Axes
  7735 | Lair:3   | Found a staircase to the Snake Pit.
  7804 | Lair:4   | Noticed a four-headed hydra
  7812 | Lair:4   | Killed a four-headed hydra
  7879 | Lair:4   | Noticed a four-headed hydra
  7887 | Lair:4   | Killed a four-headed hydra
  8130 | Lair:5   | Noticed a seven-headed hydra
  8145 | Lair:5   | Killed a seven-headed hydra
  8219 | Lair:6   | Found a viscous altar of Jiyva.
  8220 | Lair:6   | Found a staircase to the Slime Pits.
  8384 | Lair:6   | Found a deep blue altar of Sif Muna.
  8481 | Lair:8   | Entered Level 8 of the Lair of Beasts
  8516 | Lair:8   | Reached skill level 5 in Translocations
  8569 | Lair:8   | Found a labyrinth entrance.
  8613 | Lab      | Entered a labyrinth
  9019 | Lab      | Noticed a minotaur
  9040 | Lab      | Noticed an Executioner
  9041 | Lab      | omfg
  9044 | Lab      | Killed an Executioner
  9068 | Lab      | Killed a minotaur
  9082 | Lab      | TRASHLORD strikes again
  9294 | Lair:8   | Reached skill level 10 in Fighting
  9317 | Lair:8   | Noticed a five-headed hydra
  9340 | Lair:8   | Reached XP level 13. HP: 50/127 MP: 20/20
  9356 | Lair:8   | Killed a five-headed hydra
  9386 | Lair:8   | Noticed a six-headed hydra
  9401 | Lair:8   | Killed a six-headed hydra
  9412 | Lair:8   | Mangled by a spiny frog

Action                   |  1- 3 |  4- 6 |  7- 9 | 10-12 | 13-15 || total
-------------------------+-------+-------+-------+-------+-------++-------
Melee: Hand axe          |   115 |       |       |       |       ||   115
       Great mace        |       |    15 |   445 |   520 |     7 ||   987
       Battleaxe         |       |       |     4 |   412 |     6 ||   422
 Fire: Blowgun           |     1 |     4 |     4 |     3 |       ||    12
Invok: Minor Destruction |       |       |       |     9 |       ||     9
       Greater Servant o |       |       |       |     8 |     1 ||     9
       Lesser Servant of |       |       |       |    10 |       ||    10
       Major Destruction |       |       |       |     1 |       ||     1
Evoke: Wand              |       |    10 |     6 |    42 |       ||    58
  Use: Potion            |     2 |       |     8 |     3 |       ||    13
       Scroll            |       |     1 |    19 |    19 |       ||    39
 Stab: Invisible         |       |       |     3 |     2 |       ||     5
       Sleeping          |       |       |       |     4 |       ||     4
       Distracted        |       |       |       |     3 |     2 ||     5
